 Dungeon Crawl Stone Soup version 0.27.0 (webtiles) character file.

Game seed: 17356262538388281201

534 xormask the Magician (level 7, -2/51 HPs)
             Began as a Djinni Fire Elementalist on July 31, 2021.
             Killed by miscasting Fireball (13 damage)
             ... on level 4 of the Dungeon.
             The game lasted 00:12:00 (6590 turns).

xormask the Magician (Djinni Fire Elementalist)     Turns: 6590, Time: 00:12:01

Health: -2/51      AC:  2    Str:  7    XL:     7   Next: 50%
Gold:   183        EV: 12    Int: 18    God:
                   SH:  0    Dex: 14

rFire    + + .     SeeInvis .   d - +0 dagger
rCold    x . .     Faith    .   (no shield)
rNeg     . . .     Spirit   .   a - +0 robe
rPois    ∞         Reflect  .   (no helmet)
rElec    .         Harm     .   p - scarf {+Inv}
rCorr    .         Rampage  .   (no gloves)
Will     .....                  (boots unavailable)
Stlth    ++........             (no amulet)
HPRegen  0.17/turn              (no ring)
MPRegen  0.00/turn              (no ring)

@: flying, very slightly contaminated
A: sickness immunity, fire resistance 2, cold vulnerability 1, float, innate
caster, hp casting, extra vitality 1
a: Evoke Invisibility


You were on level 4 of the Dungeon.
You visited 1 branch of the dungeon, and saw 5 of its levels.

You collected 183 gold pieces.

Inventory:

Hand Weapons
 d - a +0 dagger (weapon)
Armour
 a - a +0 robe (worn)
 p - a scarf of invisibility (worn)
Jewellery
 g - a +4 ring of protection
Wands
 r - a wand of paralysis (7)
Scrolls
 b - 2 scrolls of identify {unknown}
 c - a scroll of enchant armour {unknown}
 h - 2 scrolls of teleportation {unknown}
 i - a scroll of magic mapping {unknown}
 k - a scroll of amnesia {unknown}
 l - 2 scrolls of enchant weapon {unknown}
Potions
 e - 2 potions of degeneration {unknown}
 f - a potion of might {unknown}
 j - a potion of flight {unknown}
 n - a potion of brilliance {unknown}
 o - a potion of curing {unknown}
 q - a potion of attraction {unknown}


   Skills:
 + Level 3.8 Fighting
 - Level 2.3 Dodging
 - Level 1.6 Stealth
 * Level 5.3 Spellcasting


You couldn't memorise any spells.
You knew the following spells:

 Your Spells              Type           Power      Damage    Failure   Level
a - Foxfire               Conj/Fire      96%        2x1d8     1%          1
b - Conjure Flame         Conj/Fire      24%        6-21      4%          3
c - Inner Flame           Hex/Fire       24%        N/A       4%          3
d - Sticky Flame          Conj/Fire      24%        2d5       14%         4
e - Fireball              Conj/Fire      12%        3d7       36%         5
f - Shock                 Conj/Air       96%        1d9       1%          1
g - Poisonous Vapours     Pois/Air       48%        N/A       2%          2
h - Searing Ray           Conj           48%        3d5       2%          2
Your spell library was empty.

Dungeon Overview and Level Annotations

Branches:
Dungeon (5/15)
 Temple: D:4-7

Altars:
Cheibriados
Kikubaaqudgha
Qazlal
Sif Muna


Innate Abilities, Weirdness & Mutations

You are immune to sickness and miasma.
You are immune to poison.
Your flesh is very heat resistant. (rF++)
You are vulnerable to cold. (rC-)
You float through the air rather than walking.
You learn spells naturally, not from books.
Your magical power is your life essence.
You have superior vitality. (+4 HP)


Message History

There is a stone staircase leading up here.
The hound skeleton closely misses you. The orc wizard casts a spell at you.
The puff of flame hits you. You resist. The hound skeleton closely misses you.
The yak barely misses you.
The orc priest hits you with a +0 hand axe.
You fly upwards.
There is a stone staircase leading down here.
The orc priest hits you with a +0 hand axe.
The orc priest invokes the aid of Beogh against you.
Beogh smites you!
The orc priest invokes the aid of Beogh against you.
Beogh smites you!
Casting: Foxfire (safe; 1% risk of failure)
Confirm with . or Enter, or press ? or * to list all spells.
You conjure some foxfire!
The yak gores you!
* * * LOW HITPOINT WARNING * * *
Your foxfire dissipates!
The foxfire hits the yak.
The yak is lightly wounded.
It was a potion of heal wounds.
You feel much better. The yak gores you!
* * * LOW HITPOINT WARNING * * *
You feel much better. The yak gores you!
The orc priest mumbles some strange prayers to Beogh against you.
Beogh smites you!
* * * LOW HITPOINT WARNING * * *
You feel much better. The yak gores you! The orc priest misses you.
Casting: Foxfire (safe; 1% risk of failure)
Confirm with . or Enter, or press ? or * to list all spells.
Okay, then.
Casting: Foxfire (safe; 1% risk of failure)
Confirm with . or Enter, or press ? or * to list all spells.
The spell is extremely dangerous to cast (36% risk of failure)!
Continue anyway?
Aiming: Fireball (extremely dangerous; 36% risk of failure)
Press: ? - help, Shift-Dir - straight line, f - orc priest
Aim: an orc priest, wielding a +0 hand axe and wearing a +0 leather armour You miscast Fireball.
You are very lightly contaminated with residual magic.
Sparks fly from your hands!
You die...

.....###......#........≈≈○○≈..#
..............#........≈○§§≈..#
..............########.≈°°§≈..#
.......................≈≈.≈≈○.#
........######.>....:..≈○.≈≈.##
####.......# #...........☼°..#
#.......# #.........#.#####
#.......# #..Yo.......#
#.......# #..@......###
####.......###.........#
...'.......#...........#
...#.......#...........#
.#.###'#####.....####### .#.#
#.# ##.....# .#.###.# #......#
##### .#.....# #......# #...#
.....### #.####.# ###.#.#


You could see a yak and an orc priest.

Vanquished Creatures
  A necrophage (D:4)
  An ogre (D:4)
  A phantom (D:3)
  A hound (D:2)
  An iron imp (D:3)
  A jelly (D:4)
  Natasha (D:2)
  A hound skeleton (D:4)
  3 gnolls (D:3)
  An adder (D:3)
  An adder skeleton (D:4)
  3 worms
  3 dart slugs
  16 orcs
  4 bats
  3 bat zombies (D:3)
  6 endoplasms
  3 giant cockroaches
  9 goblins
  3 hobgoblins
  9 jackals
  2 quokkas
  7 ball pythons
  2 frilled lizards
  3 kobolds
  6 rats
  4 rat zombies (D:3)
96 creatures vanquished.

Vanquished Creatures (others)
  414 foxfires
414 creatures vanquished.

Grand Total: 510 creatures vanquished

Notes
Turn   | Place    | Note
-------+----------+-------------------------------------------
     0 | D:1      | xormask the Djinni Fire Elementalist began the quest for
                  | the Orb.
     0 | D:1      | Reached XP level 1. HP: 15/15 MP: 0/0
   411 | D:1      | Reached XP level 2. HP: 16/21 MP: 0/0
   811 | D:1      | Reached skill level 3 in Spellcasting
   814 | D:1      | Reached XP level 3. HP: 19/26 MP: 0/0
   814 | D:1      | Learned a level 1 spell: Shock
  1370 | D:2      | Reached skill level 1 in Fighting
  1370 | D:2      | Reached XP level 4. HP: 8/32 MP: 0/0
  1717 | D:2      | Noticed Natasha
  1724 | D:2      | Killed Natasha
  2385 | D:2      | You are sucked into a shaft and drop 2 floors!
  2392 | D:4      | Reached XP level 5. HP: 34/38 MP: 0/0
  2392 | D:4      | Learned a level 2 spell: Poisonous Vapours
  2565 | D:4      | Noticed a necrophage
  2588 | D:4      | Found a stormy altar of Qazlal.
  3356 | D:3      | Reached skill level 4 in Spellcasting
  3433 | D:3      | Noticed a phantom
  3440 | D:3      | Killed a phantom
  3441 | D:3      | Reached XP level 6. HP: 37/45 MP: 0/0
  3793 | D:4      | Noticed an ogre
  3810 | D:4      | Killed an ogre
  4632 | D:4      | Killed a necrophage
  4633 | D:4      | Reached skill level 5 in Spellcasting
  4633 | D:4      | Reached XP level 7. HP: 12/50 MP: 0/0
  4633 | D:4      | Learned a level 2 spell: Searing Ray
  5122 | D:3      | Found a snail-covered altar of Cheibriados.
  6547 | D:5      | Entered Level 5 of the Dungeon
  6547 | D:5      | Noticed a yak
  6547 | D:5      | Noticed a yak
  6547 | D:5      | Noticed a yak
  6547 | D:5      | Noticed a yak
  6590 | D:4      | Killed by miscasting Fireball

Illustrated notes

Levels and vault maps discovered:
D:1:      erik_arrival_triangle_medium, layout_basic
D:2:      layout_basic, minmay_door_square, minmay_pentomino_r4, uniq_natasha
D:3:      layout_loops_ring, chei_slow_surprise,
          lemuel_zombie_altar_kikubaaqudgha, dk_noncrumbling_3
D:4:      layout_basic, lemuel_tele_altar, nicolae_sif_muna_condensation
D:5:      layout_loops_ring, minmay_temple_entry_proselytizer,
          minmay_tree_intersection

Skill      XL: |  1  2  3  4  5  6 |
---------------+-------------------+-----
Spellcasting   | 3 4 5 |  5.3
Fighting       | 1 2 3 |  3.8
Dodging        | |  2.3
Stealth        | |  1.6

Action                   |  1- 3 |  4- 6 |  7- 9 || total
-------------------------+-------+-------+-------++-------
Melee: Dagger            |     2 |    19 |     1 ||    22
 Cast: Foxfire           |    62 |   174 |    78 ||   314
       Conjure Flame     |       |     7 |     4 ||    11
       Searing Ray       |       |       |     6 ||     6
  Use: Potion            |       |       |     3 ||     3
 Stab: Sleeping          |     1 |       |       ||     1
Armor: Robe              |     2 |     5 |     2 ||     9
Dodge: Dodged            |     5 |    25 |    14 ||    44
